 Dungeon Crawl Stone Soup version 0.31.0-12-g77e489cdc1 (webtiles) character file.

Game seed: 13542675337898271190

854 monsoonserge the Magician (level 8, -9/51 HPs)
             Began as a Djinni Fire Elementalist on Feb 22, 2024.
             Mangled by an ice beast (12 damage)
             ... on level 5 of the Dungeon.
             The game lasted 00:11:31 (3753 turns).

monsoonserge the Magician (DjFE)                    Turns: 3753, Time: 00:11:32

Health: -9/51      AC:  4    Str:  7    XL:     8   Next: 21%
Gold:   14         EV: 13    Int: 19    God:
                   SH:  0    Dex: 14

rFire   + + +        w - staff of fire
rCold   x . .        (no shield)
rNeg    . . .        a - +0 robe
rPois   ∞            (no helmet)
rElec   .            c - +0 cloak
rCorr   .            n - +0 pair of gloves
SInv    .            (boots unavailable)
Will    .....        (no amulet)
Stlth   ++           (no ring)
HPRegen 0.28/turn    (no ring)
MPRegen 0.00/turn

%: infuse magic (-10 HP)
@: flying
A: sickness immunity, fire resistance 2, cold vulnerability 1, float, innate
caster, HP casting, extra vitality 1
a: no special abilities


You were on level 5 of the Dungeon.
You visited 1 branch of the dungeon, and saw 5 of its levels.

You collected 184 gold pieces.
You spent 170 gold pieces at shops.

Inventory:

Hand Weapons
 i - a +2 short sword of venom
 q - a +2 dagger of draining
Missiles
 m - 2 curare-tipped darts (quivered)
Armour
 a - a +0 robe (worn)
 c - a +0 cloak (worn)
 l - a +0 leather armour
 n - a +0 pair of gloves (worn)
 p - a +1 ring mail of fire resistance
Magical Staves
 w - a staff of fire (weapon)
Wands
 o - a wand of mindburst (9)
Scrolls
 b - a scroll of silence {unknown}
 d - a scroll of noise {unknown}
 e - 3 scrolls of immolation {unknown}
 f - 2 scrolls of identify {unknown}
 g - 3 scrolls of fog {unknown}
 h - a scroll of poison {unknown}
 t - a scroll of amnesia {unknown}
Potions
 j - a potion of resistance {unknown}
 k - a potion of ambrosia {unknown}
 r - a potion of magic {unknown}
 s - a potion of might {unknown}
 u - 2 potions of attraction {unknown}
 v - a potion of lignification {unknown}
 x - a potion of heal wounds {unknown}


   Skills:
 + Level 0.4 Fighting
 + Level 3.4 Dodging
 - Level 2.0 Stealth
 * Level 7.1 Spellcasting
 * Level 7.1 Conjurations
 * Level 7.1 Hexes
 * Level 7.1 Summonings
 * Level 7.1 Necromancy
 * Level 7.1 Translocations
 * Level 7.1 Fire Magic
 * Level 7.1 Ice Magic
 * Level 7.1 Air Magic
 * Level 7.1 Earth Magic
 * Level 7.1 Alchemy


You knew the following spells:

 Your Spells              Type           Power      Damage    Failure   Level
a - Foxfire               Conj/Fire      100%       2x1d9     1%          1
b - Scorch                Fire           100%       2d9       1%          2
c - Volatile Blastmotes   Fire/Tloc      100%       2d18      1%          3
d - Inner Flame           Hex/Fire       50%        N/A       1%          3
e - Flame Wave            Conj/Fire      50%        2d12      5%          4
f - Magic Dart            Conj           100%       1d8       1%          1
g - Call Imp              Summ           68%        N/A       1%          2
h - Static Discharge      Conj/Air       68%        3-6/arc   1%          2
Your spell library was empty.

Dungeon Overview and Level Annotations

Branches:
Dungeon (5/15)
 Temple: D:4-7

Altars:
Ashenzari
Dithmenos
Fedhas
Nemelex Xobeh
Qazlal
Trog
Wu Jian

Shops:
D:1 **   D:4 *

Annotations:
D:3 1 runed translucent door, dig, Silvos's ghost, amateur OpSh


Innate Abilities, Weirdness & Mutations

You are immune to sickness and miasma.
You are immune to poison.
Your flesh is very heat resistant. (rF++)
You are vulnerable to cold. (rC-)
You float through the air rather than walking.
You learn spells naturally, not from books.
Your magical power is your life essence.
You have superior vitality. (+4 MHP)


Message History

An ogre comes into view. It is wielding a +0 giant spiked club.
The centaur shoots an arrow.
The arrow hits you but does no damage.
The centaur shoots an arrow.
The arrow hits you!
* * * LOW HITPOINT WARNING * * *
Casting: Foxfire (safe; 1% risk of failure)
Confirm with . or Enter, or press ? or * to list all spells.
You feel a surge of power!
A cloud of volatile blastmotes flares up around you!
Run!
* * * LOW HITPOINT WARNING * * *
An ice beast comes into view.
The cloud of blastmotes explodes!
The concussive blast engulfs the gnoll!!
You kill the gnoll!
The concussive blast engulfs you. You resist.
* * * LOW HITPOINT WARNING * * *
You are knocked back by the blast.
You hear a shout! x2; You hear an angry hiss.
Okay, then.
Okay, then.
Casting: Volatile Blastmotes (safe; 1% risk of failure)
Confirm with . or Enter, or press ? or * to list all spells.
You feel a surge of power!
Flames lash the ice beast but do no damage.
* * * LOW HITPOINT WARNING * * *
Casting: Scorch (safe; 1% risk of failure)
Confirm with . or Enter, or press ? or * to list all spells.
You feel a surge of power!
Flames lash the ice beast.
The ice beast melts!
The ice beast is heavily wounded.
The ice beast's fire resistance burns away.
* * * LOW HITPOINT WARNING * * *
The ice beast closely misses you.
Casting: Scorch (safe; 1% risk of failure)
Confirm with . or Enter, or press ? or * to list all spells.
You feel a surge of power!
Flames lash the ice beast.
The ice beast is heavily wounded.
* * * LOW HITPOINT WARNING * * *
The ice beast hits you.
* * * LOW HITPOINT WARNING * * *
The ice beast freezes you!
You feel a terrible chill!
You die...

.....# ..O....
..... .... ...
#.# #########.#
#.@.).g...# #
#.Y#######.# ##
#.#
.PPP$..########.
...
....PP...........
..#
#.PPcPP.######..#
###
P.PPPg#####..##
.PPPP..##....##
...........######
....#g#.#........


You could see an ice beast (combustible) and a gnoll bouda.

Vanquished Creatures
  Sigmund (D:2)
  Eustachio (D:4)
  An ice beast (D:4)
  An ogre (D:4)
  2 scorpions
  2 orc priests (D:4)
  Jessica (D:2)
  A gnoll (D:5)
  9 adders
  A white imp (D:4)
  A ribbon worm (D:2)
  2 dart slugs
  5 orcs
  4 endoplasms
  2 giant cockroaches (D:2)
  3 goblins
  6 hobgoblins
  8 jackals
  4 quokkas
  4 ball pythons
  7 bats
  A frilled lizard (D:3)
  4 kobolds
  3 rats
74 creatures vanquished.

Vanquished Creatures (collateral kills)
  2 foxfires (D:5)
2 creatures vanquished.

Vanquished Creatures (others)
  159 foxfires
159 creatures vanquished.

Grand Total: 235 creatures vanquished

Notes
Turn   | Place    | Note
-------+----------+-------------------------------------------
     0 | D:1      | monsoonserge the Djinni Fire Elementalist began the quest
                  | for the Orb.
     0 | D:1      | monsoonserge set off with the following spells memorised:
                  | Foxfire, Scorch, Volatile Blastmotes, Inner Flame, Flame
                  | Wave.
     0 | D:1      | Reached XP level 1. HP: 15/15 MP: 0/0
   269 | D:1      | Reached XP level 2. HP: 14/21 MP: 0/0
   360 | D:1      | Found Quox's General Store.
   399 | D:1      | Found Heowkoip's Assorted Antiques.
   411 | D:1      | Bought a scroll labelled JUM SITASI for 20 gold pieces
   411 | D:1      | Bought a scroll labelled YSHROU RAIROTE for 20 gold pieces
  1024 | D:2      | Reached XP level 3. HP: 21/25 MP: 0/0
  1024 | D:2      | Learned a level 1 spell: Magic Dart
  1308 | D:2      | Reached XP level 4. HP: 25/31 MP: 0/0
  1363 | D:2      | Noticed Sigmund
  1368 | D:2      | Killed Sigmund
  1369 | D:2      | Reached XP level 5. HP: 16/35 MP: 0/0
  1369 | D:2      | Learned a level 2 spell: Call Imp
  1369 | D:2      | Reached XP level 6. HP: 18/40 MP: 0/0
  1593 | D:1      | Bought a scroll labelled JUM SITASI for 20 gold pieces
  1782 | D:2      | Reached skill level 5 in Spellcasting
  1782 | D:2      | Reached skill level 5 in Conjurations
  1782 | D:2      | Reached skill level 5 in Hexes
  1782 | D:2      | Reached skill level 5 in Summonings
  1782 | D:2      | Reached skill level 5 in Necromancy
  1782 | D:2      | Reached skill level 5 in Translocations
  1782 | D:2      | Reached skill level 5 in Fire Magic
  1782 | D:2      | Reached skill level 5 in Ice Magic
  1782 | D:2      | Reached skill level 5 in Air Magic
  1782 | D:2      | Reached skill level 5 in Earth Magic
  1782 | D:2      | Reached skill level 5 in Alchemy
  1899 | D:2      | Noticed Jessica
  1904 | D:2      | Killed Jessica
  2228 | D:3      | Found an ornate altar of the Wu Jian Council.
  2350 | D:3      | Found a runed translucent door.
  2355 | D:3      | Noticed Silvos's ghost (amateur OpSh)
  2902 | D:4      | Noticed an ice beast
  2909 | D:4      | Killed an ice beast
  2910 | D:4      | Reached XP level 7. HP: 41/46 MP: 0/0
  2910 | D:4      | Learned a level 2 spell: Static Discharge
  2962 | D:4      | Found a broken altar of Ashenzari.
  3321 | D:4      | Found a bloodstained altar of Trog.
  3354 | D:4      | Found a shadowy altar of Dithmenos.
  3354 | D:4      | Found a stormy altar of Qazlal.
  3356 | D:4      | Found a sparkling altar of Nemelex Xobeh.
  3462 | D:4      | Noticed Eustachio
  3469 | D:4      | Killed Eustachio
  3488 | D:4      | Reached XP level 8. HP: 39/51 MP: 0/0
  3537 | D:4      | Found Tuludir's Assorted Antiques.
  3545 | D:4      | Bought a scroll labelled JUM SITASI for 29 gold pieces
  3545 | D:4      | Bought a sedimented grey potion for 26 gold pieces
  3545 | D:4      | Bought a scroll labelled GAYMAG PAQ BUD for 29 gold pieces
  3545 | D:4      | Bought a metallic green potion for 26 gold pieces
  3688 | D:5      | Entered Level 5 of the Dungeon
  3735 | D:5      | Found a blossoming altar of Fedhas.
  3753 | D:5      | Mangled by an ice beast

Illustrated notes

Levels and vault maps discovered:
D:1:      wander_arrival_peaceful_grave, layout_basic, serial_shops,
          shop_statue, nicolae_shop_tiny_glass
D:2:      wander_river, layout_loops_corners, uniq_sigmund, uniq_jessica
D:3:      layout_basic, nzn_wu_jian_council_hall, ebering_ghost_reflecting_pool,
          due_unseen_surprise
D:4:      layout_cave_pools, grunt_temple_overflow_cloverleaf,
          mainiacjoe_overflow_concentric_impassable,
          mainiacjoe_overflow_cross_hatched, serial_shops, shop, uniq_eustachio
D:5:      layout_rooms, fedhas_bush_and_centaur_altar, temple_doors_e, uniq_ijyb

Skill      XL: |  1  2  3  4  5  6  7 |
---------------+----------------------+-----
Stealth        | 2 |  2.0
Dodging        | 3 |  3.4
Spellcasting   | 4 5 7 |  7.1
Conjurations   | 4 5 7 |  7.1
Hexes          | 4 5 7 |  7.1
Summonings     | 4 5 7 |  7.1
Necromancy     | 4 5 7 |  7.1
Translocations | 4 5 7 |  7.1
Fire Magic     | 4 5 7 |  7.1
Ice Magic      | 4 5 7 |  7.1
Air Magic      | 4 5 7 |  7.1
Earth Magic    | 4 5 7 |  7.1
Alchemy        | 4 5 7 |  7.1
Fighting       | |  0.4

Action                     |  1- 3 |  4- 6 |  7- 9 || total
---------------------------+-------+-------+-------++-------
  Melee: Unarmed           |     1 |       |       ||     1
         Short sword       |     3 |       |       ||     3
   Cast: Foxfire           |    21 |    28 |    44 ||    93
         Scorch            |    16 |    25 |    15 ||    56
         Volatile Blastmot |       |     2 |     1 ||     3
         Flame Wave        |       |     1 |       ||     1
   Stab: Distracted        |     1 |       |       ||     1
         Sleeping          |     2 |       |       ||     2
 Armour: Robe              |     5 |     5 |     9 ||    19
  Dodge: Dodged            |     9 |     3 |     2 ||    14
